AoeStats
← APC

Arabian Desert

510157411Analyzed
1v1 RM · 2d ago on Sep 29, 2026· 69m 28s· 2 players
Game mode
Random Map
Map size
Tiny (2 player)
Population
200
Speed
Normal
Resources
Standard
Victory
Conquest
Starting age
Dark Age
Ending age
Imperial Age
RankedLock teamsTeams togetherTeam positionsShared explorationLock speedFull tech treeHidden civsTurbo modeCheats
Victory
Defeat
🇺🇸 Ethiopians · United States
1037
+16
🇮🇹 Franks · Italy
1043
-16
The Imperial Age
8:05 Loom
9:52 Feudal Age
18:55 Castle Age
17:46 Double-Bit Axe
18:56 Fletching
20:31 Bodkin Arrow
20:53 Crossbowman
22:56 Padded Archer Armor
26:06 Bow Saw
27:28 Leather Archer Armor
28:14 Gold Mining
36:13 Imperial Age
34:20 Wheelbarrow
33:33 Town Watch
34:40 Scale Barding Armor
35:51 Forging
36:59 Bracer
38:12 Hand Cart
39:33 Arbalester
41:03 Ballistics
41:35 Horse Collar
43:05 Conscription
43:40 Ring Archer Armor
46:50 Light Cavalry
47:33 Heavy Camel Rider
50:33 Chain Barding Armor
51:20 Chemistry
52:21 Husbandry
51:43 Hussar
54:23 Iron Casting
54:57 Thumb Ring
54:54 Scale Mail Armor
54:32 Elite Skirmisher
62:07 Blast Furnace
62:38 Chain Mail Armor
63:49 Town Patrol
63:13 Halberdier
65:21 Gold Shaft Mining
64:38 Stone Mining
68:59 Plate Mail Armor
68:44 Squires
APC
10:02 Feudal Age
10:28 Double-Bit Axe
17:10 Fletching
17:35 Gold Mining
17:43 Loom
22:54 Castle Age
21:25 Padded Archer Armor
22:07 Forging
23:20 Elite Skirmisher
26:12 Scale Barding Armor
26:42 Iron Casting
26:12 Bodkin Arrow
26:51 Leather Archer Armor
33:51 Gold Shaft Mining
35:21 Wheelbarrow
35:21 Pikeman
36:38 Iron Casting
36:04 Scale Mail Armor
36:42 Stone Mining
38:43 Chain Mail Armor
42:03 Imperial Age
39:51 Hand Cart
42:07 Ballistics
43:01 Chain Barding Armor
44:23 Blast Furnace
45:15 Chemistry
44:26 Masonry
61:35 Blast Furnace
61:05 Plate Mail Armor
63:10 Plate Barding Armor
64:43 Cavalier
Connection lost

Rejoining the realm…

Still unreachable

The connection could not be restored.

Session expired

The server has moved on; the page needs a fresh start.